 Dungeon Crawl Stone Soup version 0.29.1-2-gbd0b4ee654 (webtiles) character file.

Game seed: 9880536978653447279

774 DildoBatman the Blocker (level 8, 0/52 HPs)
             Began as a Formicid Conjurer on Nov 15, 2022.
             Slain by an iguana (3 damage)
             ... on level 5 of the Dungeon.
             The game lasted 00:16:12 (4380 turns).

DildoBatman the Blocker (Formicid Conjurer)         Turns: 4380, Time: 00:16:13

Health: 0/52       AC:  4    Str: 12    XL:     8   Next: 10%
Magic:  0/11       EV: 10    Int: 18    God:
Gold:   107        SH: 11    Dex: 14    Spells: 8/11 levels left

rFire   . . .      SeeInvis +   a - +4 whip
rCold   . . .      Faith    .   p - +0 kite shield
rNeg    . . .      Spirit   .   m - +3 leather armour
rPois   .          Reflect  .   (helmet unavailable)
rElec   .          Harm     .   (no cloak)
rCorr   .          Rampage  .   (no gloves)
Will    .....                   (no boots)
Stlth   ++........              (no amulet)
HPRegen 0.17/turn               (no ring)
MPRegen 0.12/turn               (no ring)

@: very slightly contaminated
A: permanent stasis, dig shafts and tunnels, antennae 3, four strong arms,
deformed body, mutation resistance 1
a: Dig, Shaft Self


You were on level 5 of the Dungeon.
You visited 1 branch of the dungeon, and saw 5 of its levels.
You also visited: Sewer.

You collected 195 gold pieces.
You spent 88 gold pieces at shops.

Inventory:

Hand Weapons
 a - a +4 whip (weapon)
 b - a +0 sling
Missiles
 d - 28 stones
 q - 4 boomerangs
 z - 31 poisoned darts
Armour
 m - a +3 leather armour (worn)
 p - a +0 kite shield (worn)
Magical Staves
 g - a staff of earth
 t - a staff of death
Scrolls
 c - 2 scrolls of silence {unknown}
 h - 7 scrolls of teleportation {unknown}
 i - a scroll of vulnerability {unknown}
 n - a scroll of noise {unknown}
 r - a scroll of enchant weapon {unknown}
 s - a scroll of immolation {unknown}
 u - a scroll of poison {unknown}
 w - 2 scrolls of fear {unknown}
 x - a scroll of torment {unknown}
 y - 3 scrolls of magic mapping {unknown}
 A - a scroll of amnesia {unknown}
 D - 3 scrolls of blinking {unknown}
 F - a scroll of summoning {unknown}
Potions
 e - 2 potions of heal wounds
 f - a potion of resistance
 j - 5 potions of brilliance
 k - 2 potions of attraction {unknown}
 l - a potion of flight
 o - a potion of invisibility {unknown}
 v - 2 potions of lignification {unknown}
 B - a potion of magic
 C - a potion of ambrosia {unknown}
 E - 3 potions of curing {unknown}
 G - 2 potions of might
 H - a potion of haste {unknown}


   Skills:
 - Level 1.7 Dodging
 - Level 2.4 Stealth
 * Level 8.6 Shields
 - Level 2.1 Spellcasting
 - Level 6.0 Conjurations


You had 8 spell levels left.
You knew the following spells:

 Your Spells              Type           Power      Damage    Failure   Level
a - Searing Ray           Conj           46%        2d6       6%          2
c - Magic Dart            Conj           92%        1d7       3%          1

Your spell library contained the following spells:

 Spells                   Type           Power      Damage    Failure   Level
 Dazzling Flash           Conj/Hex       24%        N/A       36%         3
 Stone Arrow              Conj/Erth      24%        3d8       36%         3
 Fulminant Prism          Conj/Hex       6%         3d7       78%         4
 Iskenderun's Mystic Bla  Conj/Tloc      12%        2d5       78%         4
 Ignite Poison            Fire/Tmut/Pois 1%         N/A       80%         3


Dungeon Overview and Level Annotations

Branches:
Dungeon (5/15)              Sewer (visited)
 Temple: D:4-7

Altars:
Ashenzari
Elyvilon
Ru
Yredelemnul

Shops:
D:1 (*:*(

Annotations:
D:2 1 runed translucent door, Crazy Yiuf
D:4 2 transporters, ymhsbmbesitwf's ghost, amateur TrDe


Innate Abilities, Weirdness & Mutations

You cannot be hasted, slowed, berserked, paralysed or teleported.
You can dig through walls and to a lower floor.
You have a pair of large antennae on your head. (SInv)
Your four strong arms can wield two-handed weapons with a shield.
Armour fits poorly on your strangely shaped body.
You are somewhat resistant to further mutation.


Message History

The white imp gestures at you. You block the puff of frost.
Things that are here:
a +0 dagger; a +0 robe
Casting: Searing Ray (safe; 6% risk of failure)
Confirm with . or Enter, or press ? or * to list all spells.
Aiming: Searing Ray (safe; 6% risk of failure)
Press: ? - help, Shift-Dir - straight line, f - gnoll
Aim: a gnoll, wielding a +0 flail (81% to hit)
The searing ray hits the white imp.
You kill the white imp!
The searing ray hits the gnoll.
The gnoll is heavily wounded. (Press . to maintain the ray.)
The searing ray hits the gnoll!
You kill the gnoll!
The searing ray hits the shadow imp.
The shadow imp is heavily wounded.
You finish channelling your searing ray.
Casting: Searing Ray (safe; 6% risk of failure)
Confirm with . or Enter, or press ? or * to list all spells.
Aiming: Searing Ray (safe; 6% risk of failure)
Press: ? - help, Shift-Dir - straight line, f - iguana
Aim: an iguana (81% to hit)
You miscast Searing Ray.
You are very lightly contaminated with residual magic.
Nothing appears to happen.
The shadow imp hits you.
Casting: Searing Ray (safe; 6% risk of failure)
Confirm with . or Enter, or press ? or * to list all spells.
Aiming: Searing Ray (safe; 6% risk of failure)
Press: ? - help, Shift-Dir - straight line, f/p - iguana
Aim: an iguana (81% to hit)
The searing ray hits the shadow imp!
You kill the shadow imp!
The searing ray hits the iguana but does no damage. (Press . to maintain the ray.)
The iguana attacks as you move away! The iguana bites you.
You die...

#.# #<## #..#
##.# #.##
#........ #..#
#..........
##.##
#...$......
#..# #.........
##@###?......#
#l##.......#
#)#........#
#)#...)....###.
#...#..........
#.#5#..........
###.#..g...l...
..###...#....
.## ###......


You could see an iguana.

Vanquished Creatures
  3 kobold brigands (Sewer)
  A phantom (D:4)
  A howler monkey (D:4)
  3 orc priests
  2 orc wizards
  A gnoll (D:5)
  10 adders
  2 river rats
  A shadow imp (D:5)
  A white imp (D:5)
  8 worms
  2 dart slugs
  18 orcs
  11 endoplasms
  3 giant cockroaches
  13 goblins
  13 hobgoblins
  19 kobolds
  2 quokkas
  15 ball pythons
  A bat (D:1)
  5 frilled lizards
  11 rats
146 creatures vanquished.

Notes
Turn   | Place    | Note
-------+----------+-------------------------------------------
     0 | D:1      | DildoBatman the Formicid Conjurer began the quest for the
                  | Orb.
     0 | D:1      | Reached XP level 1. HP: 13/13 MP: 3/3
    36 | D:1      | Found a faded altar of an unknown god.
    88 | D:1      | Reached XP level 2. HP: 19/19 MP: 1/5
    91 | D:1      | Learned a level 2 spell: Searing Ray
   118 | D:1      | Found Quwon's Book Shop.
   365 | D:1      | Reached XP level 3. HP: 20/24 MP: 0/6
   471 | D:1      | Found Miberobogo's Weapon Shoppe.
   690 | D:1      | Found Weodwiub's Assorted Antiques.
   698 | D:1      | Found Qiptew's Assorted Antiques.
   769 | D:1      | Found Noosykeiff's Antique Weapon Boutique.
  1081 | D:2      | Reached XP level 4. HP: 30/30 MP: 3/7
  1187 | D:2      | Found a runed translucent door.
  1188 | D:2      | Noticed Crazy Yiuf
  1363 | D:2      | Reached skill level 5 in Conjurations
  1583 | D:2      | Got the Vellum of Noxious Stones
  1916 | D:3      | Reached XP level 5. HP: 21/35 MP: 0/8
  1979 | D:3      | Found a broken altar of Ashenzari.
  2193 | D:3      | Found a basalt altar of Yredelemnul.
  2275 | D:3      | Reached skill level 1 in Shields
  2419 | D:3      | Reached skill level 2 in Shields
  2419 | D:3      | Reached XP level 6. HP: 31/41 MP: 0/9
  2719 | D:4      | Reached skill level 4 in Shields
  2794 | D:4      | Reached skill level 5 in Shields
  2812 | D:4      | Reached XP level 7. HP: 40/46 MP: 4/10
  2950 | D:4      | Found a glowing drain.
  2956 | Sewer    | Entered a sewer
  3150 | Sewer    | Reached skill level 6 in Shields
  3407 | Sewer    | Reached skill level 7 in Shields
  3555 | Sewer    | Gained mutation: Your flesh is cold resistant. (rC+)
                  | [potion of mutation]
  3555 | Sewer    | Gained mutation: You possess an exceptional clarity of
                  | mind. [potion of mutation]
  3555 | Sewer    | Gained mutation: You occasionally lose the ability to read
                  | scrolls when taking damage. [potion of mutation]
  3848 | D:4      | Reached skill level 8 in Shields
  3986 | D:4      | Found a transporter.
  3988 | D:4      | Noticed ymhsbmbesitwf's ghost (amateur TrDe)
  4006 | D:4      | Found a sacrificial altar of Ru.
  4007 | D:4      | Found a white marble altar of Elyvilon.
  4039 | D:4      | Found a transporter.
  4133 | D:4      | Lost mutation: Your flesh is cold resistant. (rC+) [potion
                  | of mutation]
  4133 | D:4      | Lost mutation: You possess an exceptional clarity of mind.
                  | [potion of mutation]
  4133 | D:4      | Lost mutation: You occasionally lose the ability to read
                  | scrolls when taking damage. [potion of mutation]
  4133 | D:4      | Gained mutation: Your muscles are strong. (Str +4, Int/Dex
                  | -1) [potion of mutation]
  4134 | D:4      | Lost mutation: Your muscles are strong. (Str +4, Int/Dex
                  | -1) [potion of mutation]
  4134 | D:4      | Gained mutation: Armour fits poorly on your strangely
                  | shaped body. [potion of mutation]
  4134 | D:4      | Gained mutation: You are somewhat resistant to further
                  | mutation. [potion of mutation]
  4204 | D:1      | Bought a scroll labelled UTAOTOGUWO for 24 gold pieces
  4204 | D:1      | Bought 2 glowing silvery potions for 43 gold pieces
  4204 | D:1      | Bought a murky dark potion for 21 gold pieces
  4261 | D:5      | Entered Level 5 of the Dungeon
  4338 | D:5      | Reached XP level 8. HP: 50/52 MP: 6/11
  4380 | D:5      | Slain by an iguana

Illustrated notes

Levels and vault maps discovered:
D:1:      psy_arrival_terrarium, layout_loops_ring, serial_shops, shop,
          nicolae_shop_hallway_plus, shop, nicolae_shop_bloodbath_and_beyond,
          nicolae_shop_hallway_plus, nicolae_ecumenical_snake_handling
D:2:      layout_basic, minmay_goblin_outpost, uniq_crazy_yiuf_cottage
D:3:      layout_loops_cross, marbit_many_paths, lemuel_doored_altar
D:4:      layout_basic, chequers_temple_overflow_statue_of_worship,
          gup_sewer_entry_bubbles, gammafunk_ghost_mausoleum
D:5:      layout_rooms, serial_shops, shop_fountains

Skill      XL: |  1  2  3  4  5  6  7 |
---------------+----------------------+-----
Conjurations   | 4 5 6 |  6.0
Shields        | 2 5 8 |  8.6
Dodging        | |  1.7
Stealth        | |  2.4
Spellcasting   | |  2.1

Action                   |  1- 3 |  4- 6 |  7- 9 || total
-------------------------+-------+-------+-------++-------
Melee: Dagger            |    18 |       |       ||    18
       Short sword       |    32 |       |       ||    32
       Spear             |       |    22 |       ||    22
       Falchion          |       |    48 |    29 ||    77
       Whip              |       |       |    11 ||    11
 Fire: Sling             |       |    56 |    48 ||   104
 Cast: Magic Dart        |    34 |    12 |     1 ||    47
       Searing Ray       |     3 |    21 |    25 ||    49
 Abil: Dig               |       |     1 |       ||     1
  Use: Scroll            |       |       |     6 ||     6
       Potion            |       |       |     4 ||     4
 Stab: Sleeping          |     6 |     2 |       ||     8
Armor: Robe              |     5 |       |       ||     5
       Leather armour    |     7 |    26 |    13 ||    46
Dodge: Dodged            |    27 |    64 |    26 ||   117
Block: Kite shield       |       |       |    24 ||    24
